Map: Orbital Shipyard

Players

phyzycs - Winner!

  • Race: Zerg Zerg
  • League: Grandmaster

Putkoff

  • Race: Zerg Zerg

VOD

Have the link to the VOD?

Description

Time

  • Played on: Aug. 6, 2015, 12:11 a.m.
  • Length: 12:49
Show
View Real Time Build Order
Export as new Build Order

phyzycs Zerg - Winner!

Build Orders: Hatch First 

Get SALT Encoding   

  12  0:27  Hatchery  
  11  0:30  Drone  
  12  0:37  Drone  
  13  0:55  Spawning Pool  
  12  0:57  Drone  
  13  1:07  Overlord  
  13  1:11  Drone  
  14  1:42  Queen x2  
  14  1:44  Drone  
  19  1:47  Extractor  
  19  1:48  Drone  
  19  1:54  Drone  
  20  2:00  Overlord  
  20  2:05  Zergling x2  
  21  2:18  Queen  
  21  2:21  Drone  
  24  2:27  Drone  
  25  2:36  Drone  
  26  2:48  Metabolic Boost  
  26  2:57  Drone x4  
  30  3:10  Zergling x8  
  33  3:29  Roach Warren  
  33  3:30  Zergling x4  
  33  3:31  Zergling x4  
  32  3:51  Zergling x2  
  32  3:52  Zergling x10  
  32  3:58  Queen  
  34  4:06  Queen  
  34  4:09  Roach  
  29  4:21  Roach x3  
  35  4:42  Overlord x2  
  35  5:00  Queen  
  36  5:11  Drone  
  36  5:12  Drone x10  
  43  5:19  Roach  
  35  5:26  Roach  
  32  5:32  Roach  
  31  5:47  Roach  
  31  5:48  Roach x2  
  29  6:16  Spawning Pool  
  29  6:17  Drone  
  29  6:18  Drone  
  30  6:28  Drone x2  
  32  6:33  Drone  
  32  6:35  Drone  
  35  6:47  Drone x3  
  37  6:58  Drone x3  
  40  7:05  Drone  
  40  7:06  Drone x2  
  43  7:10  Zergling x2  
  44  7:18  Drone x3  
  44  7:19  Drone  
  48  7:35  Extractor  
  47  7:42  Drone x3  
  47  7:43  Drone, Extractor  
  50  7:44  Overlord  
  50  7:47  Roach  
  50  7:49  Overlord  
  52  7:52  Lair  
  51  8:01  Drone  
  51  8:02  Overlord  
  52  8:12  Zergling x2  
  53  8:16  Drone x4  
  53  8:18  Extractor  
  56  8:25  Drone x2  
  56  8:26  Drone x2  
  60  8:27  Overlord  
  60  8:29  Overlord  
  60  8:34  Drone  
  61  8:54  Hatchery  
  60  8:58  Hydralisk Den  
  60  9:00  Drone x4, Glial Reconstitution  
  63  9:04  Evolution Chamber  
  63  9:05  Evolution Chamber, Spore Crawler, Drone x2  
  62  9:10  Spore Crawler  
  60  9:25  Roach x5  
  60  9:29  Muscular Augments  
  70  9:34  Zerg Missile Weapons Level 1  
  70  9:41  Hydralisk  
  70  9:42  Hydralisk  
  74  9:46  Hydralisk x2  
  74  9:49  Overlord  
  78  10:00  Zerg Ground Armor Level 1  
  78  10:01  Hydralisk x2  
  78  10:05  Overseer  
  82  10:11  Drone  
  82  10:12  Drone x5  
  88  10:18  Overlord  
  88  10:22  Drone x3  
  88  10:27  Pneumatized Carapace  
  91  10:29  Overlord  
  91  10:30  Overseer  
  91  10:39  Infestation Pit  
  90  10:44  Drone x3, Extractor  
  90  10:45  Overlord x2  
  92  10:59  Hydralisk x5  
  102  11:07  Hydralisk x3  
  100  11:16  Hydralisk x3  
  106  11:19  Zergling x6  
  106  11:20  Zergling x2  
  110  11:30  Zergling x2  
  110  11:31  Zergling x8  
  115  11:36  Drone  
  110  11:48  Roach x3  
  110  11:49  Roach x7  
  124  12:08  Extractor  
  124  12:14  Roach x3  
  129  12:16  Overlord x4  
  129  12:36  Hatchery  
Show
View Real Time Build Order
Export as new Build Order

Putkoff Zerg 

Build Orders: Pool First 

Get SALT Encoding   

  12  0:01  Drone  
  13  0:08  Drone  
  14  0:17  Overlord  
  14  0:38  Drone, Spawning Pool  
  14  0:41  Extractor  
  13  0:43  Extractor  
  13  0:45  Drone  
  13  0:50  Drone  
  13  0:54  Drone  
  15  1:00  Drone  
  16  1:11  Drone  
  17  1:21  Drone  
  17  1:25  Queen  
  20  1:34  Metabolic Boost  
  20  1:44  Overlord  
  20  1:50  Drone  
  21  2:02  Zergling x2  
  21  2:05  Overlord  
  22  2:15  Zergling x2  
  23  2:22  Pneumatized Carapace  
  23  2:26  Zergling x2  
  24  2:36  Zergling x4  
  24  2:37  Zergling x4  
  27  2:49  Zergling x2  
  28  2:54  Zergling x2  
  29  3:08  Hatchery  
  29  3:12  Zergling x2  
  29  3:17  Zergling x6  
  32  3:26  Zergling x4  
  34  3:35  Zergling x2  
  33  3:50  Zergling x2  
  29  3:57  Zergling x2  
  30  4:08  Zergling x8  
  30  4:20  Zergling x2  
  30  4:21  Zergling x2  
  32  4:31  Drone x2  
  32  4:34  Drone  
  35  4:58  Zergling x8  
  37  5:11  Spine Crawler  
  30  5:35  Zergling x6  
  32  5:36  Zergling x6  
  28  6:03  Drone x2  
  31  6:04  Drone x4  
  32  6:11  Lair  
  32  6:12  Spine Crawler  
  32  6:13  Drone x2  
  32  6:14  Spine Crawler  
  32  6:23  Roach Warren, Drone  
  32  6:24  Drone  
  33  6:26  Evolution Chamber  
  33  6:29  Evolution Chamber  
  33  6:31  Queen  
  33  6:41  Drone x2  
  33  6:42  Drone  
  33  6:46  Extractor  
  35  6:48  Extractor  
  35  6:51  Drone  
  35  6:55  Zerg Melee Weapons Level 1  
  35  7:03  Zerg Ground Armor Level 1  
  35  7:08  Burrow  
  35  7:23  Roach  
  35  7:24  Roach x3  
  43  7:32  Tunneling Claws  
  43  7:36  Drone  
  44  8:16  Spore Crawler, Overlord x5  
  44  8:18  Spore Crawler  
  42  8:31  Drone  
  42  8:32  Drone  
  44  8:35  Drone  
  44  8:36  Drone  
  44  8:37  Hatchery  
  44  8:38  Drone  
  46  8:42  Drone  
  46  8:45  Drone  
  48  9:02  Roach x4  
  56  9:03  Roach  
  56  9:07  Roach  
  60  9:12  Roach  
  60  9:13  Roach  
  64  9:17  Roach  
  64  9:19  Roach  
  64  9:22  Roach  
  70  9:26  Roach  
  70  9:28  Roach  
  74  9:31  Roach  
  76  9:53  Drone  
  76  9:54  Drone x5  
  76  10:16  Drone  
  76  10:17  Drone x5  
  76  10:18  Spine Crawler  
  76  10:20  Spine Crawler  
  80  10:22  Extractor  
  80  10:24  Spine Crawler, Extractor  
  77  10:29  Drone x2  
  77  10:30  Drone  
  77  10:31  Spine Crawler  
  77  10:35  Spine Crawler  
  78  10:36  Drone x2  
  80  10:44  Roach x13  
  80  10:56  Infestation Pit  
  69  11:06  Zergling x12  
  69  11:07  Zergling x12  
  69  11:08  Zergling x10  
  66  11:25  Roach x2  
  66  11:26  Roach  
  66  11:29  Roach  
  66  11:30  Roach  
  72  11:33  Hive  
  72  11:34  Roach  
  72  11:37  Queen  
  74  11:42  Roach x2  
  74  11:43  Roach  
  78  11:54  Roach x5  
  78  11:55  Roach x3  
Tags
 
Add a new tag
Caveats
  • Supply blocks, unpowered buildings, or Contaminate may cause inaccurate times.
  • Supply counts are checked every 10 seconds.